 Dungeon Crawl Stone Soup version 0.25-a0-166-g16436c4407 (webtiles) character file.

Game seed: 15532767676238287021, levelgen mode: deterministic

3783 mortelune the Arsonist (level 9, -2/45 HPs)
             Began as a Deep Elf Fire Elementalist on Nov 23, 2019.
             Was an Initiate of Vehumet.
             Slain by a warg (11 damage)
             ... on level 8 of the Dungeon.
             The game lasted 00:20:53 (11864 turns).

mortelune the Arsonist (DEFE)                      Turns: 11864, Time: 00:20:53

Health: -2/45      AC:  5    Str:  7    XL:     9   Next: 95%
Magic:  22/23      EV: 18    Int: 22    God:    Vehumet [......]
Gold:   148        SH:  0    Dex: 19    Spells: 9/24 levels left

rFire    . . .     SeeInvis .   k - +8 frozen axe "Frostbite" {freezing cloud, *Noise +Fly rC+}
rCold    . . .     Gourm    +   (shield currently unavailable)
rNeg     . . .     Faith    .   g - +0 robe
rPois    .         Spirit   .   t - +2 helmet of the Eternal Fruit {+Blink rC- rCorr}
rElec    .         Reflect  .   (no cloak)
rCorr    +         Harm     .   (no gloves)
MR       .....                  (no boots)
Stlth    ++........             y - amulet of the gourmand
HPRegen  0.15/turn              r - +4 ring of dexterity
MPRegen  0.18/turn              (no ring)

@: about to teleport
A: no striking features
a: Renounce Religion, Evoke Blink, Evoke Flight


You were on level 8 of the Dungeon.
You worshipped Vehumet.
Vehumet was noncommittal.
You were not hungry.

You visited 2 branches of the dungeon, and saw 9 of its levels.

You collected 403 gold pieces.
You spent 255 gold pieces at shops.

Inventory:

Hand Weapons
 d - a +1 dagger
 k - the +8 frozen axe "Frostbite" (weapon) {freezing cloud, *Noise +Fly rC+}
   (You found it on level 4 of the Dungeon)

   It has been specially enchanted to freeze those struck by it, causing extra
   injury to most foes and up to half again as much damage against particularly
   susceptible opponents.
   It can also slow down cold-blooded creatures.
   It protects you from cold.
   It lets you fly.
   It may make noises in combat.
 s - a cursed +3 trident
 u - the cursed +0 whip "Paagegg" {protect, rN+++ MR- Str+3 Dex+2}
   (You bought it in a shop on level 6 of the Dungeon)

   It grants its wielder temporary protection when it strikes (+7 to AC).
   It affects your strength (+3).
   It affects your dexterity (+2).
   It renders you almost immune to negative energy.
   It affects your resistance to hostile enchantments.
   It has a curse placed upon it.
Armour
 g - a +0 robe (worn)
 q - a +2 hat
 t - the +2 helmet of the Eternal Fruit (worn) {+Blink rC- rCorr}
   (You found it on level 6 of the Dungeon)

   It makes you vulnerable to cold.
   It lets you blink.
   It provides partial protection from all sources of acid and corrosion.
Jewellery
 a - an uncursed amulet of the gourmand
 b - an uncursed amulet of rage
 r - a +4 ring of dexterity (left hand)
 y - an amulet of the gourmand (around neck)
 F - a +2 ring of dexterity
 I - an uncursed ring of protection from cold {unknown}
Wands
 v - a wand of iceblast (7)
 w - a wand of flame (26)
 D - a wand of paralysis (18)
Scrolls
 i - 5 scrolls of remove curse
 n - a scroll of identify
 o - 5 scrolls of teleportation
 C - a scroll of brand weapon {unknown}
 E - a scroll of magic mapping
 G - a scroll of immolation
 H - a scroll of fog {unknown}
Potions
 e - 3 potions of might
 f - a potion of resistance
 h - 3 potions of agility
 j - a potion of berserk rage
 l - 2 potions of flight {unknown}
 m - a potion of magic {unknown}
 p - 2 potions of cancellation
 x - 2 potions of curing {unknown}
 z - a potion of heal wounds {unknown}
 A - a potion of haste {unknown}
 B - a potion of mutation {unknown}
Comestibles
 c - 12 rations


   Skills:
 * Level 7.5 Dodging
 - Level 2.4 Stealth
 + Level 8.1 Spellcasting
 * Level 9.1 Conjurations
 * Level 9.6 Fire Magic


You had 9 spell levels left.
You knew the following spells:

 Your Spells              Type           Power        Failure   Level  Hunger
a - Flame Tongue          Conj/Fire      #####        1%          1    None
b - Throw Flame           Conj/Fire      ######       1%          2    None
c - Conjure Flame         Conj/Fire      ######..     1%          3    None
d - Sticky Flame          Conj/Fire      ######..     1%          4    ###....
e - Fireball              Conj/Fire      ######....   4%          5    #####..

Your spell library contained the following spells:

 Spells                   Type           Power        Failure   Level  Hunger
 Inner Flame              Hex/Fire       ####....     3%          3    None


Dungeon Overview and Level Annotations

Branches:
Dungeon (8/15)             Temple (1/1) D:7
   Lair: D:8-11

Altars:
Ashenzari
Dithmenos
Elyvilon
Fedhas
Gozag
Kikubaaqudgha
Makhleb
Nemelex Xobeh
Okawaru
Qazlal
Ru
Sif Muna
Trog
Uskayaw
Vehumet
Wu Jian
Xom
Yredelemnul
Zin
The Shining One
Beogh

Shops:
D:6 (

Annotations:
D:5 1 runed translucent door


Message History

The howler monkey closely misses you. The warg bites you!
The howler monkey hits you.
The orc priest mumbles some strange prayers to Beogh against you.
Beogh smites you! The warg completely misses you. The howler monkey hits you.
* * * LOW HITPOINT WARNING * * *
You closely miss the warg. You closely miss the howler monkey.
The warg bites you.
* * * LOW HITPOINT WARNING * * *
The howler monkey barely misses you. The warg closely misses you.
The orc priest looks satisfied for a moment.
The howler monkey barely misses you. The warg barely misses you.
Okay, then.
Okay, then.
You blink.
You feel slightly more hungry.
As you read the scroll of teleportation, it crumbles to dust.
You feel strangely unstable. The warg barely misses you.
You fail to use your ability.
The howler monkey hoots and howls with incredible vigour!
The warg bites you!
You die...

#.# ##.#.####.#.###.#
#.###..#......#.# #.#
############......######.#.###+##
...........#............##.#.....
...........#........##...........
...........#.....................
....÷............................
.................................
................@........###.....
###.............h........# #.....
####...#.....o...........# #.....
...#...#........h.####'### #.....
..............<#..# #.# #.#.#.
......†###........# #. ####.#.#.
÷......+ +....................>..
......h# #........####.#.##...##.
.......'............ ....^......


You could see a warg, a howler monkey and an orc priest.

Vanquished Creatures
  Pikel (D:7)
  Menkaure (D:7)
  A warg (D:8)
  A water moccasin (D:7)
  Duvessa (D:4)
  An ice beast (D:5)
  2 orc warriors
  3 sky beasts
  A slave (D:7)
  2 black bears
  2 ogres
  A necrophage (D:7)
  A centaur (D:6)
  A big kobold (D:7)
  4 bullfrogs
  Dowan (D:4)
  2 scorpions (D:6)
  2 howler monkeys
  9 wights (D:6)
  6 crimson imps
  3 jellies
  2 hounds (D:8)
  A bullfrog skeleton (D:6)
  An orc priest (D:3)
  3 orc wizards
  5 worker ants
  A hound skeleton (D:4)
  A hound zombie (D:8)
  11 gnolls
  7 adders
  2 worms (D:2)
  3 dart slugs
  3 leopard geckos
  21 orcs
  6 giant cockroaches
  7 goblins
  6 hobgoblins
  15 jackals
  3 quokkas
  2 ball pythons
  A ball python zombie (D:5)
  8 bats
  5 frilled lizards
  A jackal skeleton (D:4)
  9 kobolds
  2 leopard gecko skeletons (D:5)
  11 rats
183 creatures vanquished.

Vanquished Creatures (others)
  A slave (D:7)
  A howler monkey skeleton (D:3)
  2 adders (D:3)
  6 kobolds
10 creatures vanquished.

Grand Total: 193 creatures vanquished

Notes
Turn   | Place    | Note
-------+----------+-------------------------------------------
     0 | D:1      | mortelune the Deep Elf Fire Elementalist began the quest
                  | for the Orb.
     0 | D:1      | Reached XP level 1. HP: 10/10 MP: 6/6
   449 | D:1      | Reached XP level 2. HP: 15/15 MP: 5/8
   453 | D:1      | Learned a level 2 spell: Throw Flame
  1285 | D:2      | Reached XP level 3. HP: 19/19 MP: 3/9
  1340 | D:2      | Learned a level 3 spell: Conjure Flame
  1858 | D:2      | Reached XP level 4. HP: 24/24 MP: 3/11
  2694 | D:3      | Learned a level 4 spell: Sticky Flame
  3241 | D:3      | Reached XP level 5. HP: 28/28 MP: 6/13
  3576 | D:3      | Found an ancient bone altar of Kikubaaqudgha.
  3684 | D:3      | Found a sparkling altar of Nemelex Xobeh.
  3840 | D:3      | Found a radiant altar of Vehumet.
  3879 | D:3      | Found a roughly hewn altar of Beogh.
  3888 | D:3      | Reached skill level 5 in Fire Magic
  4558 | D:4      | Found the +8 frozen axe "Frostbite" {freezing cloud, *Noise
                  | +Fly rC+}
  4586 | D:4      | Reached XP level 6. HP: 25/32 MP: 5/14
  5572 | D:4      | Noticed Duvessa
  5572 | D:4      | Noticed Dowan
  5582 | D:4      | Killed Duvessa
  5582 | D:4      | Reached skill level 5 in Spellcasting
  5589 | D:4      | Killed Dowan
  5589 | D:4      | Reached skill level 5 in Conjurations
  5933 | D:4      | Reached XP level 7. HP: 36/36 MP: 13/16
  6030 | D:5      | Entered Level 5 of the Dungeon
  6129 | D:5      | Learned a level 5 spell: Fireball
  6484 | D:5      | Found a glowing golden altar of the Shining One.
  6484 | D:5      | Found a runed translucent door.
  6484 | D:5      | Noticed an angel
  7255 | D:5      | Found a hide-covered altar of Uskayaw.
  7431 | D:6      | Reached XP level 8. HP: 41/41 MP: 8/19
  7652 | D:6      | Found an ornate altar of the Wu Jian Council.
  8457 | D:6      | Found Mutoin's Antique Weapon Shoppe.
  8468 | D:6      | Got a shimmering helmet
  8479 | D:6      | Identified the +2 helmet of the Eternal Fruit {+Blink rC-
                  | rCorr} (You found it on level 6 of the Dungeon)
  8557 | D:6      | Bought a brightly glowing whip for 255 gold pieces
  8557 | D:6      | Identified the cursed +0 whip "Paagegg" {protect, rN+++ MR-
                  | Str+3 Dex+2} (You bought it in a shop on level 6 of the
                  | Dungeon)
  8689 | D:6      | Found a glowing silver altar of Zin.
  8701 | D:6      | Reached skill level 5 in Dodging
  8968 | D:6      | Reached XP level 9. HP: 45/45 MP: 17/21
  9185 | D:7      | Noticed Pikel
  9202 | D:7      | Killed Pikel
  9392 | D:7      | Found a staircase to the Ecumenical Temple.
  9399 | D:7      | Found a stormy altar of Qazlal.
  9416 | Temple   | Entered the Ecumenical Temple
  9854 | D:7      | Noticed Menkaure
  9859 | D:7      | Killed Menkaure
 10007 | D:7      | Found a shimmering altar of Xom.
 10528 | D:7      | Found a bloodstained altar of Trog.
 10682 | D:6      | Found an opulent altar of Gozag.
 10858 | D:3      | Became a worshipper of Vehumet
 11230 | D:8      | Found a shadowy altar of Dithmenos.
 11864 | D:8      | Slain by a warg

Levels and vault maps discovered:
D:1:      dpeg_arrival_orchard, layout_basic, minmay_hexomino_p4
D:2:      kennysheep_big_flooded_room, layout_rooms, minmay_small_reverse_x
D:3:      layout_basic, kiku_gazebo_pond_becter, fiery_altar_vehumet,
          lemuel_round_altar, first_ration, kennysheep_orc_chapel
D:4:      layout_basic, uniq_duvessa
D:5:      layout_basic, lemuel_coloured_pillars_altar, lemuel_angel_altar
D:6:      layout_basic, lemuel_doored_altar, nicolae_overflow_hidden_temple,
          old_standard_altar, serial_shops, shop
D:7:      layout_loops_ring, grunt_qazlal_clouds, marbit_many_paths,
          old_standard_altar, temple_fountains, uniq_pikel, uniq_menkaure
D:8:      layout_basic, overflow_temple_1_default,
          nicolae_dithmenos_shadow_blocks, erik_lair_orcish_takeover
Temple:   compressed_dpeg_triangle_lava_temple

Skill      XL: |  1  2  3  4  5  6  7  8  9 |
---------------+----------------------------+-----
Conjurations   | 2 3 4 5 6 7 9 |  9.1
Fire Magic     | 4 5 6 7 8 9 |  9.6
Spellcasting   | 4 5 6 7 8 |  8.1
Dodging        | 5 7 |  7.5
Stealth        | |  2.4

Action                   |  1- 3 |  4- 6 |  7- 9 || total
-------------------------+-------+-------+-------++-------
Melee: Dagger            |       |     3 |       ||     3
       Executioner's axe |       |     2 |    29 ||    31
 Cast: Flame Tongue      |    25 |    67 |   107 ||   199
       Throw Flame       |    29 |    70 |    88 ||   187
       Sticky Flame      |       |     3 |    18 ||    21
       Conjure Flame     |       |       |     4 ||     4
       Fireball          |       |       |     7 ||     7
 Abil: Evoke Blink       |       |       |     1 ||     1
  Use: Scroll            |       |     8 |     6 ||    14
       Potion            |       |       |     1 ||     1
  Eat: Chunk             |     4 |    13 |    19 ||    36
       Ration            |       |       |     2 ||     2
Armor: Robe              |     2 |     8 |    18 ||    28
Dodge: Dodged            |     2 |    30 |    74 ||   106

Table legend:
 A = Non-vault XP
 B = Vault XP
 C = Vault XP percentage of total XP
 D = Non-vault monster count
 E = Vault monster count
 F = Vault count percentage of total count
                 A         B        C        D         E       F
            +---------+---------+-------+---------+---------+-------
      Total |    4051 |    1354 |  25.1 |     162 |      20 |  11.0
            +---------+---------+-------+---------+---------+-------
        D:1 |      23 |       4 |  14.8 |      12 |       3 |  20.0
        D:2 |      82 |      41 |  33.3 |      28 |       7 |  20.0
        D:3 |      95 |      47 |  33.1 |      24 |       3 |  11.1
        D:4 |     215 |     230 |  51.7 |      21 |       2 |   8.7
        D:5 |     614 |       0 |   0.0 |      18 |       0 |   0.0
        D:6 |    1514 |       0 |   0.0 |      32 |       0 |   0.0
        D:7 |     701 |     868 |  55.3 |      14 |       3 |  17.6
        D:8 |     807 |     164 |  16.9 |      13 |       2 |  13.3
            +---------+---------+-------+---------+---------+-------
